 Dungeon Crawl Stone Soup version 0.24-a0-380-g7ade4d1b3c (webtiles) character file.

Game seed: 13211208253040476001

208 Mithandil the Chopper (level 5, -3/47 HPs)
             Began as a Hill Orc Berserker on June 2, 2019.
             Was a Believer of Trog.
             Slain by a gnoll (6 damage)
             ... on level 3 of the Dungeon on June 3, 2019.
             The game lasted 00:13:37 (2668 turns).

Mithandil the Chopper (Hill Orc Berserker)          Turns: 2668, Time: 00:13:37

Health: -3/47      AC:  6    Str: 21    XL:     5   Next: 86%
Magic:  5/5        EV:  9    Int:  7    God:    Trog [**....]
Gold:   119        SH:  0    Dex: 10    Spells: 4/4 levels left

rFire    . . .     SeeInvis .   a - +0 hand axe
rCold    . . .     Gourm    .   (no shield)
rNeg     . . .     Faith    .   d - +0 scale mail
rPois    .         Spirit   .   (no helmet)
rElec    .         Reflect  .   (no cloak)
rCorr    +         Harm     .   (no gloves)
MR       ++...                  (no boots)
Stlth    ..........             (no amulet)
HPRegen  1.15/turn              j - ring of resist corrosion
MPRegen  0.09/turn              (no ring)

@: regenerating, heavily drained
A: no striking features
a: Berserk, Trog's Hand, Renounce Religion


You were on level 3 of the Dungeon.
You worshipped Trog.
Trog was pleased with you.
You were not hungry.

You visited 1 branch of the dungeon, and saw 4 of its levels.

You collected 119 gold pieces.

Inventory:

Hand Weapons
 a - a +0 hand axe (weapon)
 b - a +0 spear
Missiles
 e - 2 boomerangs (quivered)
 g - 117 stones
Armour
 d - a +0 scale mail (worn)
Jewellery
 j - a ring of resist corrosion (left hand)
Scrolls
 f - a scroll of fear
 m - 2 scrolls of teleportation
Potions
 h - a potion of curing
 i - a potion of agility
 k - a potion of haste {unknown}
Comestibles
 c - 6 rations


   Skills:
 + Level 4.7(2.7) Fighting
 * Level 6.3(4.4) Axes
 + Level 2.0(1.9) Polearms
 + Level 3.4(1.5) Armour
 - Level 1.5(0.0) Dodging


You had 4 spell levels left.
You didn't know any spells.
Your spell library was empty.

Dungeon Overview and Level Annotations

Branches:
Dungeon (4/15)
 Temple: D:4-7

Altars:
Dithmenos
Qazlal

Annotations:
D:2 Sigmund


Message History

* * * LOW HITPOINT WARNING * * *
The giant cockroach barely misses you. The gnoll hits you with a +0 club.
* * * LOW HITPOINT WARNING * * *
The gnoll hits you from afar with a +0 halberd.
* * * LOW HITPOINT WARNING * * *
You hit the gnoll.
The gnoll is severely wounded.
Your scale mail prevents you from hitting the giant cockroach.
You barely miss the gnoll.
You feel the effects of Trog's Hand fading.
The giant cockroach bites you but does no damage.
The gnoll hits you.
* * * LOW HITPOINT WARNING * * *
The gnoll hits you but does no damage.
You feel better. The giant cockroach bites you.
* * * LOW HITPOINT WARNING * * *
The gnoll hits you from afar with a +0 halberd!
* * * LOW HITPOINT WARNING * * *
The gnoll hits you.
You die...

...##.........##..
#.#...... #..........
...... #.#...... #....#
... #...# #.+......
#<#.## #..
#..##########....##
###.#
#..##...........###+###
#.. #......########.#
#.# # #### #..#.#.## ##
#.###.# # # #.###...#
#.....###
#.@)g...###......##
#sgg....+........##
.........#####......
...........# #.###.#
.............#####+###.#
..(........####........#
...........# #........#
####+#####.####.........
.......).)..


You could see 3 gnolls and a giant cockroach.

Vanquished Creatures
  An orc wizard (D:3)
  Natasha (thrice) (D:2)
  2 adders (D:2)
  A gnoll (D:3)
  An ooze (D:1)
  2 worms (D:2)
  2 dart slugs
  2 leopard geckos (D:1)
  3 orcs
  A ball python (D:3)
  5 bats
  8 giant cockroaches
  8 goblins
  5 hobgoblins
  8 kobolds
  A frilled lizard (D:2)
  6 rats
59 creatures vanquished.

Notes
Turn   | Place    | Note
-------+----------+-------------------------------------------
     0 | D:1      | Mithandil the Hill Orc Berserker began the quest for the
                  | Orb.
     0 | D:1      | Reached XP level 1. HP: 19/19 MP: 1/1
   344 | D:1      | Reached XP level 2. HP: 27/27 MP: 2/2
   914 | D:1      | Reached XP level 3. HP: 32/33 MP: 3/3
   915 | D:1      | Upgraded the game from 0.24-a0-378-g94936e539c to
                  | 0.24-a0-380-g7ade4d1b3c
  1420 | D:2      | Reached skill level 5 in Axes
  1441 | D:2      | Reached ** piety under Trog
  1586 | D:3      | Found a shadowy altar of Dithmenos.
  1619 | D:2      | Reached skill level 1 in Polearms
  1619 | D:2      | Reached XP level 4. HP: 20/40 MP: 4/4
  1799 | D:2      | Noticed Natasha
  1817 | D:2      | Killed Natasha
  1863 | D:2      | Noticed Natasha
  1872 | D:2      | Killed Natasha
  2072 | D:2      | Reached XP level 5. HP: 46/47 MP: 5/5
  2085 | D:2      | Noticed Natasha
  2125 | D:2      | Killed Natasha
  2306 | D:2      | Found a stormy altar of Qazlal.
  2418 | D:2      | Reached skill level 6 in Axes
  2425 | D:2      | Noticed Sigmund
  2668 | D:3      | Slain by a gnoll

Levels and vault maps discovered:
D:1:      nzn_arrival_depleted_hourglass, layout_basic, minmay_pentomino_r4
D:2:      layout_basic, nicolae_qazlal_general_emergency,
          nicolae_ru_path_of_blood, uniq_natasha, uniq_sigmund
D:3:      kennysheep_goblin_castle, layout_basic,
          nicolae_dithmenos_shadow_blocks, tgw_trog, ebering_ghost_inner_flame,
          uniq_robin
D:4:      layout_basic, minmay_temple_entry_butterflies

Skill      XL: |  1  2  3  4  5 |
---------------+----------------+-----
Fighting       | 4 |  4.7
Axes           | 5 6 |  6.3
Polearms       | 1 2 |  2.0
Armour         | 3 |  3.4
Dodging        | |  1.5

Action                   |  1- 3 |  4- 6 || total
-------------------------+-------+-------++-------
Melee: Hand axe          |    88 |   137 ||   225
Invok: Trog's Hand       |       |     4 ||     4
  Use: Scroll            |     5 |     4 ||     9
       Potion            |       |     1 ||     1
  Eat: Ration            |     1 |     1 ||     2
       Chunk             |     1 |       ||     1
Armor: Scale mail        |    30 |    78 ||   108
Dodge: Dodged            |    47 |    85 ||   132

Table legend:
 A = Non-vault XP
 B = Vault XP
 C = Vault XP percentage of total XP
 D = Non-vault monster count
 E = Vault monster count
 F = Vault count percentage of total count
                 A         B        C        D         E       F
            +---------+---------+-------+---------+---------+-------
      Total |     259 |      39 |  13.1 |      55 |       4 |   6.8
            +---------+---------+-------+---------+---------+-------
        D:1 |      45 |       4 |   8.2 |      20 |       3 |  13.0
        D:2 |     143 |      35 |  19.7 |      25 |       1 |   3.8
        D:3 |      71 |       0 |   0.0 |      10 |       0 |   0.0
            +---------+---------+-------+---------+---------+-------
